 Dungeon Sprint DCSS version 0.21-a0-278-ga722497 (webtiles) character file.

65 potatolord6000 the Chopper (level 4, -4/44 HPs)
             Began as a Hill Orc Monk on Sept 21, 2017.
             Was an Elder of Beogh.
             Slain by a gnoll (8 damage)
             ... in the Dungeon (Sprint VII: "The Pits").
             The game lasted 00:00:45 (138 turns).

potatolord6000 the Chopper (Hill Orc Monk)           Turns: 138, Time: 00:00:45

Health: -4/44      AC:  2    Str: 14    XL:     4   Next: 13%
Magic:  3/7        EV: 13    Int: 10    God:    Beogh [****..]
Gold:   0          SH:  0    Dex: 13    Spells: 3/3 levels left

rFire    . . .     SeeInvis .   j - +2 hand axe
rCold    . . .     Gourm    .   (no shield)
rNeg     . . .     Faith    .   b - +0 robe
rPois    .         Spirit   .   (no helmet)
rElec    .         Reflect  .   (no cloak)
rCorr    .         Harm     .   (no gloves)
MR       .....     NoTele   +   (no boots)
Stlth    ++........             (no amulet)
HPRegen  0.14/turn              (no ring)
MPRegen  0.10/turn              (no ring)

@: very slightly contaminated, hasted, invisible, very quick
A: no striking features
a: Smiting, Recall Orcish Followers, Renounce Religion


You were in the Dungeon.
You worshipped Beogh.
Beogh was greatly pleased with you.
You were not hungry.

You visited 1 branch

Inventory:

Hand Weapons
 j - a +2 hand axe (weapon)
Armour
 b - a +0 robe (worn)
Scrolls
 i - a scroll of blinking
 k - 3 scrolls of remove curse
 l - 5 scrolls of amnesia
 m - a scroll of summoning
Potions
 a - a potion of invisibility
 d - a potion of curing
 g - 4 potions of magic
 h - 3 potions of berserk rage
Comestibles
 c - 8 bread rations
 n - 40 fruits
 o - 7 meat rations


   Skills:
 + Level 5.7 Fighting
 + Level 6.6 Axes
 + Level 3.9 Armour
 - Level 2.4 Dodging
 - Level 1.5 Stealth
 + Level 4.6 Invocations


You had 3 spell levels left.
You didn't know any spells.

Dungeon Overview and Level Annotations

Branches:
Dungeon (1/1)

Altars:
Ashenzari
Cheibriados
Dithmenos
Elyvilon
Fedhas
Gozag
Hepliaklqana
Kikubaaqudgha
Makhleb
Nemelex Xobeh
Okawaru
Qazlal
Ru
Sif Muna
Trog
Uskayaw
Vehumet
Wu Jian
Xom
Yredelemnul
Zin
The Shining One
Beogh
Jiyva
Lugonu


Message History

You strike the helpless gnoll from behind!
You hit the gnoll but do no damage.
The gnoll is moderately wounded.
You completely miss the gnoll. You hit the ooze. The gnoll closely misses you.
Unknown command.
Unknown command.
Unknown command.
Unknown command.
You hit the gnoll.
The gnoll is heavily wounded.
You hit the ooze. You hit the gnoll. The gnoll closely misses you.
The ooze barely misses you. The gnoll closely misses you.
Unknown command.
Unknown command.
Unknown command.
Unknown command.
You closely miss the gnoll.
The gnoll is heavily wounded.
You hit the gnoll. You hit the ooze but do no damage. The gnoll hits you!
You die...

#.?(.')))'.##......#..
##########.##.........
#..........†'.........
#+#####)#####......#..
#..#...'.##.........
#..#...#.#####'#####
#..#####.##.......#
#.g)...#.##.......#
#.g@..†'.##.......#
#.J########...<...#
#.. #.......# #..
#.......# ###
#.......# #########


You could see 2 gnolls and an ooze.

Vanquished Creatures
  A gnoll shaman (D)
  3 gnolls (D)
  2 leopard geckos (D)
  A goblin (D)
  2 hobgoblins (D)
  A frilled lizard (D)
  A rat (D)
11 creatures vanquished.

Notes
Turn   | Place    | Note
-------+----------+-------------------------------------------
     0 | D        | potatolord6000 the Hill Orc Monk began the quest for the Orb.
     0 | D        | Reached XP level 1. HP: 19/19 MP: 1/1
    20 | D        | Found a bloodstained altar of Trog.
    20 | D        | Found a deep blue altar of Sif Muna.
    20 | D        | Found a viscous altar of Jiyva.
    20 | D        | Found a hazy altar of Hepliaklqana.
    20 | D        | Found an opulent altar of Gozag.
    51 | D        | Found a glowing golden altar of the Shining One.
    51 | D        | Found a glowing silver altar of Zin.
    51 | D        | Found a basalt altar of Yredelemnul.
    51 | D        | Found a shimmering altar of Xom.
    51 | D        | Found an ornate altar of the Wu Jian Council.
    51 | D        | Found a sacrificial altar of Ru.
    51 | D        | Found a stormy altar of Qazlal.
    51 | D        | Found an iron altar of Okawaru.
    51 | D        | Found a sparkling altar of Nemelex Xobeh.
    51 | D        | Found a burning altar of Makhleb.
    51 | D        | Found a blossoming altar of Fedhas.
    51 | D        | Found a white marble altar of Elyvilon.
    51 | D        | Found a shadowy altar of Dithmenos.
    51 | D        | Found a snail-covered altar of Cheibriados.
    53 | D        | Found a radiant altar of Vehumet.
    53 | D        | Found a corrupted altar of Lugonu.
    53 | D        | Found a roughly hewn altar of Beogh.
    55 | D        | Found an ancient bone altar of Kikubaaqudgha.
    55 | D        | Found a hide-covered altar of Uskayaw.
    55 | D        | Found a shattered altar of Ashenzari.
    65 | D        | Became a worshipper of Beogh the Brigand
    65 | D        | Reached * piety under Beogh
    65 | D        | Reached ** piety under Beogh
    87 | D        | Reached skill level 1 in Armour
    87 | D        | Reached skill level 1 in Invocations
   122 | D        | Noticed a gnoll shaman
   128 | D        | Reached *** piety under Beogh
   128 | D        | Reached skill level 5 in Axes
   128 | D        | Reached XP level 2. HP: 11/27 MP: 3/3
   134 | D        | Reached skill level 5 in Fighting
   134 | D        | Reached XP level 3. HP: 8/36 MP: 3/5
   134 | D        | Reached **** piety under Beogh
   134 | D        | Reached skill level 6 in Axes
   135 | D        | Reached XP level 4. HP: 10/44 MP: 3/7
   138 | D        | Slain by a gnoll

Vault maps used:
D:        pitsprint

Skill      XL: |  1  2  3 |
---------------+----------+-----
Armour         | 1 3 |  3.9
Invocations    | 2 3 4 |  4.6
Fighting       | 4 5 |  5.7
Axes           | 5 6 |  6.6
Dodging        | |  2.4
Stealth        | |  1.5

Action                   |  1- 3 |  4- 6 || total
-------------------------+-------+-------++-------
Melee: Hand axe          |    22 |     3 ||    25
  Use: Potion            |     3 |       ||     3
 Stab: Invisible         |     5 |     1 ||     6
Armor: Robe              |     1 |       ||     1
Dodge: Dodged            |    25 |     4 ||    29

Table legend:
 A = Spawn XP
 B = Non-spawn XP
 C = Spawn XP percentage of total XP
 D = Spawn monster count
 E = Non-spawn monster count
 F = Spawn count percentage of total count
 G = Total turns spent on level
                    A         B        C        D         E        F      G
               +---------+---------+-------+---------+---------+-------+---------
         Total |       0 |      93 |   0.0 |       0 |      11 |   0.0 |   138
               +---------+---------+-------+---------+---------+-------+---------
             D |       0 |      93 |   0.0 |       0 |      11 |   0.0 |   138
               +---------+---------+-------+---------+---------+-------+---------
